 Dungeon Crawl Stone Soup version 0.30-a0-339-g89bb51ec76 (webtiles) character file.

Game seed: 16188672057338483950

34430 funkygono the Arsonist (level 13, 0/76 HPs)
             Began as a Gargoyle Fire Elementalist on Oct 31, 2022.
             Was a High Priest of Vehumet.
             Killed from afar by a will-o-the-wisp (1 damage)
             ... with a foxfire
             ... on level 2 of the Lair of Beasts.
             The game lasted 00:41:53 (16310 turns).

funkygono the Arsonist (GrFE)                      Turns: 16310, Time: 00:41:53

Health: 0/76       AC: 26    Str: 13    XL:     13   Next: 77%
Magic:  20/38      EV: 12    Int: 26    God:    Vehumet [*****.]
Gold:   1042       SH:  0    Dex: 10    Spells: 3/36 levels left

rFire   . . .      SeeInvis .    v - +9 club (spect)
rCold   + . .      Faith    .    (no shield)
rNeg    + . .      Spirit   .    R - +3 acid dragon scales
rPois   ∞          Reflect  .    y - +1 helmet
rElec   +          Harm     .    l - +1 cloak {rC+}
rCorr   +          Rampage  .    M - +1 pair of gloves
Will    .....                    (no boots)
Stlth   ++........               o - amulet of the acrobat
HPRegen 0.32/turn                r - +6 ring of intelligence
MPRegen 0.26/turn                A - ring of magical power

@: studying Short Blades
A: sickness immunity, AC +9, negative energy resistance 1, electricity
resistance, torment resistance 1, petrification resistance
a: Renounce Religion


You were on level 2 of the Lair of Beasts.
You worshipped Vehumet.
Vehumet was extremely pleased with you.
You visited 3 branches of the dungeon, and saw 15 of its levels.
You also visited: Ice Cave.

You collected 1042 gold pieces.

Inventory:

Hand Weapons
 v - a +9 spectral club (weapon)
 W - a +2 flail of protection
Armour
 l - a +1 cloak of cold resistance (worn)
 x - a +2 buckler of protection
 y - a +1 helmet (worn)
 M - a +1 pair of gloves (worn)
 R - +3 acid dragon scales (worn)
Magical Staves
 p - a staff of earth
Jewellery
 f - a ring of resist corrosion
 o - an amulet of the acrobat (around neck)
 r - a +6 ring of intelligence (left hand)
 A - a ring of magical power (right hand)
 E - a ring of protection from cold
Wands
 t - a wand of charming (8)
 u - a wand of flame (48)
 G - a wand of mindburst (20)
 H - a wand of light (18)
 S - a wand of digging (8)
Scrolls
 a - 3 scrolls of magic mapping
 c - 3 scrolls of fear
 g - 2 scrolls of amnesia
 k - 11 scrolls of teleportation
 C - 4 scrolls of blinking
 J - 2 scrolls of enchant weapon
 O - 4 scrolls of poison
Potions
 b - 4 potions of magic
 d - 2 potions of resistance
 e - 2 potions of invisibility
 h - 3 potions of haste
 i - 5 potions of heal wounds
 j - a potion of cancellation
 m - 4 potions of brilliance
 q - a potion of mutation {unknown}
 s - 10 potions of curing
 D - 2 potions of degeneration {unknown}
 K - 2 potions of flight {unknown}
Miscellaneous
 n - a piece from Xom's chessboard (15/15)


   Skills:
 + Level 7.2 Fighting
 + Level 4.9 Maces & Flails
 + Level 4.6 Armour
 + Level 4.3 Dodging
 + Level 4.1 Stealth
 + Level 12.3 Spellcasting
 + Level 10.0 Conjurations
 + Level 12.5 Fire Magic
 + Level 5.9 Earth Magic


You had 3 spell levels left.
You knew the following spells:

 Your Spells              Type           Power      Damage    Failure   Level
a - Foxfire               Conj/Fire      100%       2x1d9     1%          1
b - Scorch                Fire           100%       2d10      1%          2
c - Kindle Blastsparks    Fire/Tloc/Air  74%        2d16      1%          3
d - Flame Wave            Conj/Fire      65%        2d15      1%          4
e - Sticky Flame          Conj/Fire      65%        2d8       1%          4
f - Sandblast             Erth           94%        2d19      1%          1
g - Stone Arrow           Conj/Erth      100%       3d13      1%          3
h - Magic Dart            Conj           100%       1d8       1%          1
i - Ignite Poison         Fire/Tmut/Pois 37%        N/A       1%          3
j - Lee's Rapid Deconstr  Erth           23%        3d13*     3%          5
k - Starburst             Conj/Fire      32%        6d10      2%          6

Your spell library contained the following spells:

 Spells                   Type           Power      Damage    Failure   Level
 Searing Ray              Conj           100%       2d8       1%          2
 Inner Flame              Hex/Fire       48%        N/A       1%          3
 Passwall                 Tmut/Erth      25%        N/A       2%          2
 Ensorcelled Hibernation  Hex/Ice        32%        N/A       8%          2
 Ozocubu's Armour         Ice            16%        N/A       16%         3
 Portal Projectile        Hex/Tloc       32%        N/A       16%         3
 Swiftness                Air            16%        N/A       16%         3
 Tukima's Dance           Hex            16%        N/A       16%         3
 Fulminant Prism          Conj/Hex       21%        3d12      1%          4
 Borgnjor's Vile Clutch   Necr/Erth      15%        N/A       38%         5
 Animate Dead             Necr           16%        N/A       45%         4
 Passage of Golubria      Tloc           16%        N/A       45%         4
 Summon Ice Beast         Ice/Summ       16%        N/A       45%         4
 Blade Hands              Tmut           8%         N/A       80%         5
 Metabolic Englaciation   Hex/Ice        8%         N/A       80%         5
 Silence                  Hex/Air        8%         N/A       80%         5
 Lehudib's Crystal Spear  Conj/Erth      27%        10d7      95%         8
 Death Channel            Necr           8%         N/A       100%        6
 Ozocubu's Refrigeration  Ice            8%         4d9       100%        7


Dungeon Overview and Level Annotations

Branches:
Dungeon (12/15)            Temple (1/1) D:5            Lair (2/5) D:11
    Orc (0/2) D:11          IceCv (visited)
  Swamp: Lair:2-3    Shoals: Lair:2-3     Snake: Lair:2-3    Spider: Lair:2-3

Altars:
Ashenzari
Cheibriados
Dithmenos
Elyvilon
Fedhas
Gozag
Hepliaklqana
Kikubaaqudgha
Makhleb
Nemelex Xobeh
Okawaru
Qazlal
Ru
Sif Muna
Trog
Uskayaw
Vehumet
Wu Jian
Xom
Yredelemnul
Zin
The Shining One

Shops:
D:3 (

Portals:
Trove: D:12 (give horn of Geryon)

Annotations:
D:8 1 runed translucent door, Potemkin's ghost, novice FoFi
D:10 2 transporters, Ge0ff's ghost, novice FeFE


Innate Abilities, Weirdness & Mutations

You are immune to sickness and miasma.
Your stone body is resilient. (AC +9)
You are immune to poison.
You resist negative energy. (rN+)
You are resistant to electric shocks. (rElec)
You are resistant to unholy torment.
You are immune to petrification.


Message History

The will-o-the-wisp is heavily damaged.
The flame wave engulfs the foxfire.
The foxfire completely resists.
The foxfire hits you but does no damage.
The foxfire hits you!!
The will-o-the-wisp gestures.
The will-o-the-wisp conjures some foxfire!
The elephant closely misses you.
The elephant misses you. 2 foxfires come into view.
A wave of flame ripples out!
The flame wave engulfs the foxfire.
The foxfire completely resists.
The flame wave engulfs the elephant!!
The elephant is severely wounded.
The flame wave engulfs the foxfire.
The foxfire completely resists.
The flame wave engulfs the will-o-the-wisp!
The will-o-the-wisp resists.
The will-o-the-wisp is severely damaged.
You finish channelling waves of flame.
You hear a bellow!
The foxfire hits you!!
The foxfire hits you but does no damage.
The elephant completely misses you. x2
Unknown command.
Casting: Flame Wave (safe; 1% risk of failure)
Confirm with . or Enter, or press ? or * to list all spells.
Aiming: Stone Arrow (safe; 1% risk of failure)
Press: ? - help, Shift-Dir - straight line, f - elephant
Aim: an elephant (severely wounded, 100% to hit)
The stone arrow hits the elephant!!
The elephant is almost dead.
The elephant tramples you but does no damage.
The elephant barely misses you.
The will-o-the-wisp gestures.
The will-o-the-wisp conjures some foxfire! 2 foxfires come into view.
You hit the will-o-the-wisp. Your punch misses the will-o-the-wisp.
The will-o-the-wisp is severely damaged.
Your +9 spectral club hits the will-o-the-wisp.
The foxfire hits you!!
* * * LOW HITPOINT WARNING * * *
The foxfire hits you.
You die...

.....#.†#.............##
#.......#P...###.......#
##..##..##..####..##..##
.#..##.......#....# ...#
.....#..##..####..# ..##
##.......#..# #...#.....
##..#...#...# ##..#.Y...
........#P..# #(Y....P..
........##..##
#@v.....P..
##......#....# #§v....##
#..##......####......#
#...#......# #.......##
#......##..####......P#
#...##...##.......## ##.
#............... #
##..............
#..###.........


You could see 2 elephants, a will-o-the-wisp and a friendly +9 spectral club
(summoned, wandering).

Vanquished Creatures
  A hydra (D:10)
  A centaur warrior (D:12)
  2 ironbound frosthearts (IceCv)
  3 boulder beetles (D:12)
  2 two-headed ogres
  3 death yaks (IceCv)
  An elephant (Lair:2)
  An ice statue (IceCv)
  A manticore (D:12)
  2 cane toads (Lair:1)
  2 black mambas
  3 unseen horrors
  A komodo dragon (D:11)
  4 rime drakes
  A hornet (D:8)
  4 trolls
  Grinder (D:3)
  17 polar bears
  5 slime creatures (D:12)
  7 blink frogs
  A shadow (D:11)
  A wyvern (D:8)
  A wraith (D:12)
  47 yaks
  A steam dragon (D:8)
  3 wargs (D:11)
  2 acid dragons
  5 water moccasins
  Duvessa (D:7)
  7 orc warriors
  4 ice beasts
  2 sky beasts
  3 black bears
  15 wolves (IceCv)
  An ogre (D:6)
  8 centaurs
  2 phantoms
  2 kobold brigands
  A necrophage (D:5)
  2 bullfrogs
  3 scorpions
  2 gnoll sergeants
  Dowan (D:7)
  11 wights
  29 killer bees
  6 howler monkeys
  3 jellies
  A hound (D:6)
  8 orc priests
  A gnoll bouda (D:6)
  Ijyb (D:3)
  4 iguanas
  13 orc wizards
  Robin (D:3)
  7 adders
  17 gnolls
  A shadow imp (D:7)
  A white imp (D:8)
  A worm (D:2)
  2 dart slugs
  56 orcs
  6 ball pythons
  3 bats
  10 endoplasms
  7 giant cockroaches
  17 goblins
  10 hobgoblins
  6 jackals
  13 kobolds
  7 quokkas
  3 frilled lizards (D:2)
  4 rats
426 creatures vanquished.

Vanquished Creatures (collateral kills)
  4 foxfires
4 creatures vanquished.

Vanquished Creatures (others)
  881 foxfires
  5 fungi
  2 plants
888 creatures vanquished.

Grand Total: 1318 creatures vanquished

Notes
Turn   | Place    | Note
-------+----------+-------------------------------------------
     0 | D:1      | funkygono the Gargoyle Fire Elementalist began the quest
                  | for the Orb.
     0 | D:1      | Reached XP level 1. HP: 10/10 MP: 3/3
   184 | D:1      | Reached XP level 2. HP: 15/15 MP: 0/5
   297 | D:1      | Learned a level 2 spell: Scorch
   477 | D:1      | Found a faded altar of an unknown god.
   897 | D:2      | Reached XP level 3. HP: 19/19 MP: 1/6
   901 | D:2      | Learned a level 3 spell: Kindle Blastsparks
  1415 | D:2      | Reached XP level 4. HP: 24/24 MP: 2/8
  1799 | D:3      | Noticed Ijyb
  1811 | D:3      | Killed Ijyb
  1890 | D:3      | Identified the +0 ring mail of Boqas {rN++ Will- Slay+3
                  | Stlth+}
  2026 | D:3      | Noticed Grinder
  2037 | D:3      | Killed Grinder
  2038 | D:3      | Reached skill level 5 in Fire Magic
  2038 | D:3      | Reached XP level 5. HP: 25/28 MP: 1/10
  2038 | D:3      | Reached XP level 6. HP: 28/32 MP: 1/11
  2043 | D:3      | Learned a level 4 spell: Flame Wave
  2177 | D:3      | Noticed Robin
  2220 | D:3      | Killed Robin
  2776 | D:3      | Found Julishrou's Antique Weapon Boutique.
  2818 | D:3      | Found a glowing golden altar of the Shining One.
  3479 | D:4      | Noticed an ice beast
  3482 | D:4      | Killed an ice beast
  3483 | D:4      | Reached XP level 7. HP: 36/36 MP: 10/13
  4066 | D:4      | Learned a level 4 spell: Sticky Flame
  4092 | D:5      | Entered Level 5 of the Dungeon
  4192 | D:5      | Reached skill level 1 in Maces & Flails
  4192 | D:5      | Reached skill level 5 in Spellcasting
  4276 | D:5      | Reached XP level 8. HP: 42/42 MP: 9/15
  5065 | D:5      | Found a staircase to the Ecumenical Temple.
  5327 | Temple   | Entered the Ecumenical Temple
  6100 | D:6      | Reached XP level 9. HP: 42/46 MP: 18/18
  6107 | D:6      | Reached skill level 5 in Conjurations
  6395 | D:6      | Learned a level 1 spell: Sandblast
  6399 | D:6      | Learned a level 3 spell: Stone Arrow
  6668 | D:7      | Noticed a troll
  6676 | D:7      | Killed a troll
  6677 | D:7      | Reached skill level 1 in Fighting
  6797 | D:7      | Noticed Duvessa
  6800 | D:7      | Noticed Dowan
  6816 | D:7      | Killed Duvessa
  7123 | D:7      | Killed Dowan
  7477 | D:7      | Reached XP level 10. HP: 47/52 MP: 21/21
  7693 | D:7      | Reached skill level 1 in Earth Magic
  8534 | D:8      | Found a large runed translucent door.
  8537 | D:8      | Found a large runed translucent door.
  8839 | D:8      | Found a runed translucent door.
  8839 | D:8      | Noticed Potemkin's ghost (novice FoFi)
  8851 | D:8      | Found the +2 ratskin cloak {*Rats rPois rN+ Str-1 Int-1
                  | Dex+1}
  9084 | D:8      | Identified the +0 ring mail "Ygudiergh" {Fly rElec rC+++
                  | Dex-5}
  9414 | D:8      | Found a radiant altar of Vehumet.
  9417 | D:8      | Became a worshipper of Vehumet
  9422 | D:8      | Found a snail-covered altar of Cheibriados.
  9639 | D:9      | Reached skill level 10 in Fire Magic
  9643 | D:9      | Reached XP level 11. HP: 50/57 MP: 22/24
  9906 | D:9      | Found an ornate altar of the Wu Jian Council.
 10147 | D:9      | Reached * piety under Vehumet
 10147 | D:9      | Offered knowledge of Magic Dart by Vehumet.
 10481 | D:9      | Learned a level 1 spell: Magic Dart
 10495 | D:10     | Entered Level 10 of the Dungeon
 10629 | D:10     | Noticed a two-headed ogre
 10637 | D:10     | Killed a two-headed ogre
 10666 | D:10     | Noticed a four-headed hydra
 10674 | D:10     | Killed a four-headed hydra
 11121 | D:10     | Noticed a tengu warrior
 11122 | D:10     | Noticed a two-headed ogre
 11122 | D:10     | Noticed Ge0ff's ghost (novice FeFE)
 11134 | D:10     | Found a bloodstained altar of Trog.
 11134 | D:10     | Noticed a two-headed ogre
 11135 | D:10     | Found a transporter.
 11135 | D:10     | Noticed a moth of wrath
 11153 | D:10     | Found a transporter.
 11327 | D:10     | Reached skill level 10 in Spellcasting
 11478 | D:11     | Offered knowledge of Poisonous Vapours by Vehumet.
 11480 | D:11     | Reached ** piety under Vehumet
 11531 | D:11     | Reached skill level 1 in Armour
 11873 | D:11     | Offered knowledge of Ignite Poison by Vehumet.
 11929 | D:11     | Found a staircase to the Orcish Mines.
 11931 | D:11     | Reached *** piety under Vehumet
 12010 | D:11     | Found a staircase to the Lair.
 12297 | D:11     | Learned a level 3 spell: Ignite Poison
 12425 | D:12     | Noticed a two-headed ogre
 12431 | D:12     | Killed a two-headed ogre
 12432 | D:12     | Reached XP level 12. HP: 64/64 MP: 23/26
 12481 | D:12     | Found a frozen archway.
 12488 | IceCv    | Entered an ice cave
 12592 | IceCv    | Offered knowledge of Fulminant Prism by Vehumet.
 12733 | IceCv    | Reached skill level 5 in Earth Magic
 12987 | IceCv    | Reached **** piety under Vehumet
 13252 | IceCv    | Noticed a death yak
 13252 | IceCv    | Noticed a death yak
 13253 | IceCv    | Noticed a death yak
 13266 | IceCv    | Killed a death yak
 13267 | IceCv    | Killed a death yak
 13268 | IceCv    | Killed a death yak
 13268 | IceCv    | Offered knowledge of Lee's Rapid Deconstruction by Vehumet.
 13269 | IceCv    | Reached skill level 5 in Fighting
 13380 | IceCv    | Noticed an ironbound frostheart
 13380 | IceCv    | Noticed an ironbound frostheart
 13411 | IceCv    | Killed an ironbound frostheart
 13449 | IceCv    | Killed an ironbound frostheart
 13450 | IceCv    | Reached XP level 13. HP: 46/74 MP: 11/28
 13646 | IceCv    | Got the Almanac of Ice
 15167 | D:12     | Found a portal to a secret trove of treasure.
 15313 | D:12     | Learned a level 5 spell: Lee's Rapid Deconstruction
 15392 | Lair:1   | Entered Level 1 of the Lair of Beasts
 15672 | Lair:1   | Reached ***** piety under Vehumet
 15676 | Lair:1   | Offered knowledge of Starburst by Vehumet.
 15691 | Lair:1   | Learned a level 6 spell: Starburst
 15851 | Lair:1   | You fall into a shaft and drop 1 floor!
 16179 | Lair:2   | Reached skill level 10 in Conjurations
 16310 | Lair:2   | HP: 1/76 [will-o-the-wisp/foxfire (26)]
 16310 | Lair:2   | Killed from afar by a will-o-the-wisp

Illustrated notes

Levels and vault maps discovered:
D:1:      scummos_arrival_forest, layout_rooms,
          dreamdust_ecumenical_altar_angels_and_demons, corexii_hall_statues_l,
          minmay_tromino_v2
D:2:      layout_basic
D:3:      layout_basic, general_overflow_altar, serial_shops,
          nicolae_diamond_shop, serial_aquarium, aquarium_bridge_straight
          [aquarium_subvault_bridge, aquarium_subvault_window,
          aquarium_subvault_bridge, aquarium_subvault_wall],
          aquarium_bridge_square [aquarium_subvault_bridge,
          aquarium_subvault_bridge, aquarium_subvault_wall,
          aquarium_subvault_wall], aquarium_window_fake, aquarium_window_corner,
          aquarium_window_corridor_1, aquarium_window_2, aquarium_view_2a,
          uniq_grinder, uniq_ijyb, uniq_robin
D:4:      layout_loops_cross, nicolae_hexahallways, supply_closet_lemuel
D:5:      layout_basic, minmay_temple_entry_proselytizer,
          nicolae_concentric_dashed_squares_wild
D:6:      layout_loops_cross, minmay_diced_spiral
D:7:      layout_basic, uniq_duvessa
D:8:      layout_basic, jmf_multi_god_temple2, gammafunk_ghost_grave,
          minmay_manual_monolith
D:9:      layout_stronghold, mainiacjoe_overflow_paths
D:10:     layout_gridville, gammafunk_ghost_wrathful_warriors
D:11:     layout_cave_pools, erik_lair_orcish_takeover, hiddenorc2_lemuel
D:12:     layout_stronghold, portal_ice_cave_rime, trove_entry_hex_spiral
Temple:   nicolae_temple_two_arcs
Lair:1:   layout_chaotic_city, uniq_gastronok
Lair:2:   layout_long_grid, minmay_swamp_entry_wisps,
          ebering_ghost_reflecting_pool, lemuel_old_faithful

Skill      XL: |  1  2  3  4  5  6  7  8  9 10 11 12 13 |
---------------+----------------------------------------+-----
Spellcasting   | 3 4 5 6 7 9 10 11 12 | 12.3
Fire Magic     | 5 6 7 9 10 11 12 | 12.5
Conjurations   | 2 3 4 5 6 7 8 10 | 10.0
Maces & Flails | 1 2 3 4 |  4.9
Stealth        | 3 4 |  4.1
Fighting       | 1 2 5 7 |  7.2
Dodging        | 2 3 4 |  4.3
Earth Magic    | 4 5 |  5.9
Armour         | 1 3 4 |  4.6

Action                   |  1- 3 |  4- 6 |  7- 9 | 10-12 | 13-15 || total
-------------------------+-------+-------+-------+-------+-------++-------
Melee: Unarmed           |     7 |       |       |       |       ||     7
       Whip              |     6 |     4 |       |       |       ||    10
       Club              |       |    17 |    46 |    87 |    65 ||   215
       Punch             |       |       |       |     1 |     1 ||     2
 Cast: Foxfire           |    59 |    64 |   111 |   202 |    69 ||   505
       Scorch            |     3 |    11 |    35 |    69 |    18 ||   136
       Kindle Blastspark |       |       |     1 |     1 |       ||     2
       Flame Wave        |       |       |     6 |    33 |    10 ||    49
       Stone Arrow       |       |       |       |    51 |    74 ||   125
       Sandblast         |       |       |       |       |     1 ||     1
  Use: Scroll            |       |    10 |     9 |     9 |     1 ||    29
       Potion            |       |       |       |     3 |       ||     3
 Stab: Sleeping          |       |     1 |       |       |       ||     1
Armor: Robe              |    12 |     6 |    28 |    13 |       ||    59
       Skin              |       |       |       |    43 |       ||    43
       Acid dragon scale |       |       |       |    86 |    55 ||   141
Dodge: Dodged            |    21 |    28 |    68 |   209 |    92 ||   418

Table legend: (Time is in decaauts)
 A = Elapsed time spent in this place.
 B = Non-inter-level travel time spent in this place.
 C = Inter-level travel time spent in this place.
 D = Time resting spent in this place.
 E = Time spent auto-exploring this place.
 F = Levels seen in this place.
 G = Mean time per level.
                   A        B        C        D        E       F      G
               +--------+--------+--------+--------+--------+-----+--------+
         Total |  16359 |  16064 |    295 |   1327 |  11829 |  16 | 1022.4 |
       Dungeon |  13994 |  13706 |    288 |    890 |  10613 |  12 | 1166.2 |
        Temple |    123 |    117 |      6 |      0 |    106 |   1 |  123.0 |
          Lair |    919 |    919 |      0 |     22 |    627 |   2 |  459.5 |
      Ice Cave |   1321 |   1321 |      0 |    415 |    483 |   1 | 1321.0 |
               +--------+--------+--------+--------+--------+-----+--------+

Top non-repeatable levels by time:
    D:12: 1642 daAuts
     D:5: 1478 daAuts
     D:3: 1437 daAuts
     D:8: 1400 daAuts
   IceCv: 1321 daAuts
     D:7: 1192 daAuts
     D:6: 1162 daAuts
     D:9: 1059 daAuts
    D:11: 994 daAuts
    D:10: 966 daAuts
     D:2: 903 daAuts
     D:1: 893 daAuts
     D:4: 863 daAuts
  Lair:1: 460 daAuts
  Lair:2: 459 daAuts
